 Dungeon Crawl Stone Soup version 0.22-a0-515-g75794bf (webtiles) character file.

481 pk666 the Conjurer (level 6, -10/32 HPs)
             Began as a Deep Elf Fire Elementalist on June 20, 2018.
             Was an Initiate of Vehumet.
             Engulfed by a cloud of flame (19 damage)
             ... on level 4 of the Dungeon.
             The game lasted 00:08:15 (3543 turns).

pk666 the Conjurer (Deep Elf Fire Elementalist)     Turns: 3543, Time: 00:08:15

Health: -10/32     AC:  5    Str:  5    XL:     6   Next: 87%
Magic:  16/16      EV: 13    Int: 22    God:    Vehumet [......]
Gold:   135        SH:  0    Dex: 15    Spells: 8/16 levels left

rFire    . . .     SeeInvis .   (no weapon)
rCold    . . .     Gourm    .   (no shield)
rNeg     . . .     Faith    .   u - +2 robe {MR+}
rPois    +         Spirit   .   l - +0 hat
rElec    .         Reflect  .   k - +0 cloak
rCorr    .         Harm     .   (no gloves)
MR       +....                  (no boots)
Stlth    ++........             (no amulet)
HPRegen  0.10/turn              o - ring of poison resistance
MPRegen  0.15/turn              (no ring)

@: no status effects
A: no striking features
a: Renounce Religion


You were on level 4 of the Dungeon.
You worshipped Vehumet.
Vehumet was noncommittal.
You were not hungry.

You visited 1 branch of the dungeon, and saw 4 of its levels.

You collected 135 gold pieces.

Inventory:

Armour
 e - a +2 robe of resistance
 k - a +0 cloak (worn)
 l - a +0 hat (worn)
 u - a +2 robe of magic resistance (worn)
Jewellery
 o - a ring of poison resistance (left hand)
Wands
 p - a wand of flame (3)
 t - a wand of random effects (30)
Scrolls
 b - a scroll of magic mapping {unknown}
 d - a scroll of fog {unknown}
 f - a scroll of enchant weapon {unknown}
 h - 5 scrolls of identify {unknown}
 i - a scroll of immolation {unknown}
 n - a scroll of blinking {unknown}
Potions
 a - 2 potions of curing {unknown}
 g - 7 potions of lignification {unknown}
 j - 4 potions of magic {unknown}
 m - 2 potions of degeneration {unknown}
 r - a potion of heal wounds {unknown}
 s - 2 potions of haste {unknown}
Comestibles
 c - 7 rations
 q - 3 chunks of flesh


   Skills:
 - Level 2.4 Dodging
 - Level 2.4 Stealth
 + Level 5.5 Spellcasting
 * Level 5.6 Conjurations
 + Level 5.1 Fire Magic


You had 8 spell levels left.
You knew the following spells:

 Your Spells              Type           Power        Failure   Level  Hunger
a - Flame Tongue          Conj/Fire      ####.        1%          1    None
b - Sticky Flame          Conj/Fire      ####....     11%         4    ####...
c - Conjure Flame         Conj/Fire      ####....     3%          3    ##.....

Your spell library contained the following spells:

 Spells                   Type           Power        Failure   Level  Hunger
 Fireball                 Conj/Fire      ####......   28%         5    #####..
 Throw Flame              Conj/Fire      ####..       1%          2    None
 Inner Flame              Hex/Fire       ###.....     10%         3    ##.....


Dungeon Overview and Level Annotations

Branches:
Dungeon (4/15)
 Temple: D:4-7

Altars:
Cheibriados
Dithmenos
Hepliaklqana
Qazlal
Uskayaw
Vehumet
Xom
The Shining One

Annotations:
D:3 3 runed doors, kae's ghost, amateur TeFE; melvinkitnick's ghost, amateur OpWn


Message History

m - 2 glowing blue potions (gained 1)
Found a leather armour.
Found a stone staircase leading down.
Some of the chunks of flesh in your inventory have rotted away.
Really walk into a travel-excluded area? [Y]es or [N]o only, please.
Really walk into a travel-excluded area? [Y]es or [N]o only, please.
Really walk into a travel-excluded area?
An orc wizard comes into view. It is wielding a dagger.
The orc wizard shouts!
You hear a shout!
Found a ring mail.
You are engulfed in blazing flames.
Ouch! That really hurt!
* * * LOW HITPOINT WARNING * * *
There is a radiant altar of Vehumet here.
You kneel at the altar of Vehumet.
Vehumet welcomes you!
You are engulfed in blazing flames.
Ouch! That really hurt!
You die...

#.....###.#........ .
##.#....##.####.###. ...
#..........####...#.
....##.......#...........
..............###........#
......#.......# #........#
..............# #........#
>.......§.§...# #.......##
........§@.§..# #.......#
.....##...§...# #........#
....# #....[### #.........
##. ##.#..# #. #o# #. .#
[# .# . .#


You could see an orc wizard.

Vanquished Creatures
  An ogre (D:4)
  Blork the orc (D:4)
  A scorpion (D:3)
  Crazy Yiuf (D:3)
  A hound (D:4)
  Ijyb (D:3)
  Terence (D:3)
  A worker ant (D:4)
  Robin (D:3)
  3 gnolls (D:4)
  4 adders
  2 worms
  2 dart slugs
  2 leopard geckos
  4 orcs (D:4)
  4 bats
  A giant cockroach (D:1)
  10 goblins
  4 hobgoblins
  4 jackals (D:3)
  9 kobolds
  6 frilled lizards
  4 rats
68 creatures vanquished.

Vanquished Creatures (others)
  A withered plant (D:3)
1 creature vanquished.

Grand Total: 69 creatures vanquished

Notes
Turn   | Place    | Note
-------+----------+-------------------------------------------
     0 | D:1      | pk666 the Deep Elf Fire Elementalist began the quest for the Orb.
     0 | D:1      | Reached XP level 1. HP: 10/10 MP: 6/6
   130 | D:1      | Reached XP level 2. HP: 7/15 MP: 0/8
   720 | D:1      | Found a glowing golden altar of the Shining One.
   722 | D:1      | Found a shimmering altar of Xom.
   722 | D:1      | Found a snail-covered altar of Cheibriados.
   724 | D:1      | Found a shadowy altar of Dithmenos.
   724 | D:1      | Found a shimmering altar of Xom.
   724 | D:1      | Found a glowing golden altar of the Shining One.
   805 | D:2      | Reached XP level 3. HP: 17/19 MP: 3/10
  1472 | D:2      | Found a hazy altar of Hepliaklqana.
  1522 | D:2      | Found a hide-covered altar of Uskayaw.
  1721 | D:3      | Found a runed door.
  1746 | D:3      | Reached XP level 4. HP: 15/24 MP: 4/11
  1805 | D:3      | Learned a level 4 spell: Sticky Flame
  1809 | D:3      | Learned a level 3 spell: Conjure Flame
  1849 | D:3      | Noticed Terence
  1852 | D:3      | Noticed Robin
  1949 | D:3      | Killed Robin
  2084 | D:3      | Killed Terence
  2267 | D:3      | Noticed Ijyb
  2274 | D:3      | Killed Ijyb
  2274 | D:3      | Reached XP level 5. HP: 25/28 MP: 0/13
  2433 | D:3      | Found a glowing golden altar of the Shining One.
  2477 | D:3      | Found a stormy altar of Qazlal.
  2569 | D:3      | Found a runed gate.
  2569 | D:3      | Found a runed gate.
  2569 | D:3      | Found a runed gate.
  2569 | D:3      | Noticed melvinkitnick's ghost (amateur OpWn)
  2569 | D:3      | Noticed kae's ghost (amateur TeFE)
  2974 | D:3      | Noticed Crazy Yiuf
  2979 | D:3      | Killed Crazy Yiuf
  3100 | D:4      | Reached skill level 5 in Spellcasting
  3100 | D:4      | Reached XP level 6. HP: 28/32 MP: 2/15
  3156 | D:4      | Noticed Blork the orc
  3271 | D:4      | Killed Blork the orc
  3271 | D:4      | Reached skill level 5 in Conjurations
  3306 | D:4      | Reached skill level 5 in Fire Magic
  3528 | D:4      | Found a radiant altar of Vehumet.
  3543 | D:4      | Became a worshipper of Vehumet
  3543 | D:4      | Engulfed by a cloud of flame

Vault maps used:
D:1:      ncdulo_smallfort, doesnt_xom_only_xom
D:2:      lemuel_round_altar, nicolae_overflow_hidden_temple, hex_large,
          minmay_tree_intersection
D:3:      overflow_temple_1_default, nicolae_tso_carved_into_rock,
          gammafunk_ghost_cemetery, minmay_misc_feat_alley,
          minmay_misc_feat_roman, uniq_ijyb, uniq_terence, uniq_robin,
          uniq_crazy_yiuf_cottage
D:4:      fiery_altar_vehumet, first_ration, minmay_goblin_kobold_house,
          uniq_blork_the_orc

Skill      XL: |  1  2  3  4  5  6 |
---------------+-------------------+-----
Conjurations   | 2 3 4 5 |  5.6
Spellcasting   | 4 5 |  5.5
Fire Magic     | 4 5 |  5.1
Dodging        | |  2.4
Stealth        | |  2.4

Action                   |  1- 3 |  4- 6 || total
-------------------------+-------+-------++-------
 Cast: Flame Tongue      |    70 |    91 ||   161
       Conjure Flame     |       |     5 ||     5
       Sticky Flame      |       |     4 ||     4
  Eat: Chunk             |     2 |     7 ||     9
Armor: Robe              |     6 |     6 ||    12
Dodge: Dodged            |    14 |    14 ||    28

Table legend:
 A = Spawn XP
 B = Non-spawn XP
 C = Spawn XP percentage of total XP
 D = Spawn monster count
 E = Non-spawn monster count
 F = Spawn count percentage of total count
 G = Total turns spent on level
                    A         B        C        D         E        F      G
               +---------+---------+-------+---------+---------+-------+---------
         Total |       0 |     688 |   0.0 |       0 |      68 |   0.0 |  3543
               +---------+---------+-------+---------+---------+-------+---------
           D:1 |       0 |      30 |   0.0 |       0 |      16 |   0.0 |   787
           D:2 |       0 |      49 |   0.0 |       0 |      14 |   0.0 |   820
           D:3 |       0 |     254 |   0.0 |       0 |      25 |   0.0 |  1521
           D:4 |       0 |     355 |   0.0 |       0 |      13 |   0.0 |   415
               +---------+---------+-------+---------+---------+-------+---------
